 Dungeon Crawl Stone Soup version 0.15-a0-717-ga3c592f (webtiles) character file.

96 PolkaDot the Cutter (level 4, 0/33 HPs)
             Began as a Vampire Gladiator on May 10, 2014.
             Succumbed to poison (a potion of poison)
             ... on Level 2 of the Dungeon.
             The game lasted 00:05:40 (1602 turns).

PolkaDot the Cutter (Vampire Gladiator)             Turns: 1602, Time: 00:05:40

HP   0/33        AC  4     Str 14      XL: 4   Next: 41%
MP   4/4         EV 12     Int 10      God:
Gold 19          SH  0     Dex 15      Spells:  0 memorised,  3 levels left

rFire  . . .     SeeInvis +     a - +0 cutlass
rCold  . . .     Clarity  .     b - +0 leather armour
rNeg   . . .     Conserve .     (no shield)
rPois  .         rCorr    .     e - +0 helmet
rElec  .         rRot     .     (no cloak)
SustAb . .       Spirit   .     (no gloves)
rMut   .         Warding  .     (no boots)
Gourm  .         Stasis   .     (no amulet)
MR     .....                    (no ring)
                                c - ring of wizardry

@: regenerating quickly, lethally poisoned, not resistant to hostile
enchantments, very unstealthy
A: fangs 3, see invisible, unbreathing
a: no special abilities


You were on level 2 of the Dungeon.
You were very full.

You visited 1 branch of the dungeon, and saw 3 of its levels.

You collected 19 gold pieces.

Inventory:

Hand weapons
 a - a +0,+0 cutlass (weapon)
Missiles
 d - 3 throwing nets (quivered)
Armour
 b - a +0 leather armour (worn)
 e - a +0 helmet (worn)
Scrolls
 f - a scroll of remove curse
 h - a scroll of amnesia
 i - a scroll of teleportation {unknown}
 k - a scroll of blinking {unknown}
Jewellery
 c - a ring of wizardry (left hand)
Potions
 g - a potion of curing {unknown}
 j - a potion of agility {unknown}
 l - a potion of heal wounds {unknown}
 m - a potion of poison {!q}


   Skills:
 - Level 1.7 Fighting
 + Level 5.7 Short Blades
 - Level 1.5 Throwing
 - Level 3.2 Dodging


You had 3 spell levels left.
You didn't know any spells.

Dungeon Overview and Level Annotations

Branches:
Dungeon (3/15)

Altars:
Fedhas
Makhleb
Yredelemnul

Annotations:
D:3 Taimou's ghost, average GrMo


Innate Abilities, Weirdness & Mutations

Your natural rate of healing is unusually fast.
You have razor-sharp teeth.*
You have supernaturally acute eyesight.
You can survive without breathing.*


Message History

Taimou's ghost is lightly damaged.
You feel sick. Taimou's ghost barely misses you.
You hit Taimou's ghost.
Taimou's ghost is lightly damaged.
You feel sick.
Taimou's ghost hits you but does no damage.
You are lethally poisoned!
Drink which item? (? for menu, Esc to quit)
That liquid tasted very nasty...
You are more poisoned.
It was a potion of poison.
You feel very sick. Taimou's ghost barely misses you.
You feel very sick.
You feel sick.
There is a stone staircase leading up here.
You feel very sick. Taimou's ghost hits you!
* * * LOW HITPOINT WARNING * * *
You climb upwards.
You die...

#####.[.....≈_≈.# ####
#...........≈≈≈≈#
...#####.##.....##.≈.≈≈######
............................#
...###.#.##.....###.......###
...# #.#.........##.......#####
)..# #.####.##.#.##....#.>....#
...###.####.##.#.##.......###.#
.....[..........@...........#.#
...###.####.##.#..............#
...# #.# #.##.#..............#
#### #.# #.##.#..............#
#.# #.##.....##.........#
#.####........##....#....###
#...........................
##########.#............###.
#.......#......###.


There were no monsters in sight!

Vanquished Creatures
  An adder (D:2)
  2 big fish zombies (D:2)
  2 giant mites
  2 giant geckos (D:2)
  7 giant cockroaches
  6 goblins
  5 hobgoblins
  6 jackals
  A quokka (D:2)
  8 bats
  2 giant newts
  5 kobolds
  4 rats
51 creatures vanquished.

Notes
Turn   | Place    | Note
--------------------------------------------------------------
     0 | D:1      | PolkaDot, the Vampire Gladiator, began the quest for the Orb.
     0 | D:1      | Reached XP level 1. HP: 16/16 MP: 1/1
    87 | D:1      | Reached XP level 2. HP: 22/22 MP: 2/2
    95 | D:1      | Reached skill level 4 in Short Blades
   540 | D:1      | Reached XP level 3. HP: 27/27 MP: 3/3
   764 | D:2      | Reached skill level 5 in Short Blades
   922 | D:2      | Found a burning altar of Makhleb.
   969 | D:2      | Found a blossoming altar of Fedhas.
  1136 | D:2      | Reached XP level 4. HP: 24/33 MP: 4/4
  1416 | D:2      | Found a basalt altar of Yredelemnul.
  1588 | D:3      | Noticed Taimou's ghost (average GrMo)
  1602 | D:2      | Succumbed to poison (a potion of poison)

Action                   |  1- 3 |  4- 6 || total
-------------------------+-------+-------++-------
Melee: Cutlass           |   158 |    65 ||   223
  Use: Potion            |     1 |     1 ||     2
       Scroll            |     5 |     1 ||     6
 Stab: Sleeping          |     1 |       ||     1
